 Dungeon Crawl Stone Soup version 0.30-a0-900-g23479c02f2 (webtiles) character file.

Game seed: 2154803793050969190

196 pokeman the Magician (level 5, 0/29 HPs)
             Began as a Deep Elf Hedge Wizard on Mar 19, 2023.
             Slain by a bullfrog (7 damage)
             ... in a sewer.
             The game lasted 00:06:31 (3372 turns).

pokeman the Magician (Deep Elf Hedge Wizard)        Turns: 3372, Time: 00:06:31

Health: 0/29       AC:  3    Str:  7    XL:     5   Next: 46%
Magic:  5/15       EV: 10    Int: 21    God:
Gold:   73         SH:  0    Dex: 16    Spells: 4/16 levels left

rFire   . . .      SeeInvis .    n - +1 dagger (venom)
rCold   . . .      Faith    .    (no shield)
rNeg    . . .      Spirit   .    k - +0 robe of the Exiled Blessings {rCorr Dex+2}
rPois   .          Reflect  .    c - +0 hat
rElec   .          Rampage  .    (no cloak)
rCorr   +                        g - +0 pair of gloves
Will    .....                    (no boots)
Stlth   +                        (no amulet)
HPRegen 0.24/turn                (no ring)
MPRegen 0.14/turn                (no ring)

@: on blink cooldown, very slightly contaminated, constricted, very slow
A: no striking features
a: no special abilities


You were in a sewer.
You visited 1 branch of the dungeon, and saw 5 of its levels.
You also visited: Sewer.

You collected 73 gold pieces.

Inventory:

Hand Weapons
 n - a +1 dagger of venom (weapon)
Armour
 c - a +0 hat (worn)
 g - a +0 pair of gloves (worn)
 k - the +0 robe of the Exiled Blessings (worn) {rCorr Dex+2}
   (You found it on level 2 of the Dungeon)

   Dex:       It affects your dexterity (+2).
   rCorr:     It protects you from acid and corrosion.
 o - a +0 kite shield
Scrolls
 b - a scroll of blinking {unknown}
 h - a scroll of teleportation {unknown}
 j - a scroll of poison {unknown}
 l - a scroll of vulnerability {unknown}
 m - a scroll of noise {unknown}
 q - a scroll of identify {unknown}
 r - a scroll of enchant armour {unknown}
Potions
 a - 2 potions of attraction {unknown}
 d - a potion of magic
 e - 4 potions of curing {unknown}
 f - a potion of cancellation {unknown}
 i - a potion of degeneration {unknown}
 p - a potion of lignification {unknown}
 s - 3 potions of haste {unknown}


   Skills:
 - Level 1.0 Fighting
 - Level 1.1 Armour
 - Level 3.0 Dodging
 - Level 3.0 Stealth
 + Level 0.4 Shields
 * Level 6.3 Spellcasting
 + Level 2.8 Conjurations
 - Level 1.1 Summonings
 - Level 1.1 Translocations
 + Level 0.7 Fire Magic


You had 4 spell levels left.
You knew the following spells:

 Your Spells              Type           Power      Damage    Failure   Level
a - Magic Dart            Conj           72%        1d6       3%          1
b - Mephitic Cloud        Conj/Pois/Air  10%        N/A       19%         3
c - Call Imp              Summ           11%        N/A       9%          2
d - Blink                 Tloc           22%        N/A       9%          2
e - Flame Wave            Conj/Fire      14%        2d6       41%         4

Your spell library contained the following spells:

 Spells                   Type           Power      Damage    Failure   Level
 Apportation              Tloc           22%        N/A       6%          1
 Momentum Strike          Conj/Tloc      28%        3d8       6%          2
 Lesser Beckoning         Tloc           22%        N/A       9%          2
 Slow                     Hex            24%        N/A       10%         1
 Cigotuvi's Dreadful Rot  Necr/Pois/Air  12%        N/A       14%         2
 Ensorcelled Hibernation  Hex/Ice        12%        N/A       14%         2
 Passwall                 Tmut/Erth      5%         N/A       14%         2
 Inner Flame              Hex/Fire       8%         N/A       24%         3
 Swiftness                Air            6%         N/A       28%         3
 Sticky Flame             Conj/Fire      14%        2d4       41%         4
 Alistair's Intoxication  Tmut/Pois      4%         N/A       95%         5


Dungeon Overview and Level Annotations

Branches:
Dungeon (5/15)              Sewer (1/1)
 Temple: D:4-7

Altars:
Nemelex Xobeh
Trog

Shops:
D:4 !(


Message History

The ball python bites you but does no damage.
The bullfrog attacks as you move away!
The bullfrog hits you but does no damage.
The bullfrog hits you.
The ball python bites you but does no damage.
The ball python misses you. The bullfrog hits you.
The ball python closely misses you. x2; The ball python barely misses you. x2
The ball python attacks as you move away!
The ball python barely misses you. The ball python closely misses you.
The ball python attacks as you move away!
The ball python misses you. The bullfrog barely misses you.
The frilled lizard misses you. The ball python barely misses you.
The ball python grabs you. The ball python constricts you.
The bullfrog hits you. The frilled lizard bites you.
* * * LOW HITPOINT WARNING * * *
Casting: Blink (safe; 9% risk of failure)
Confirm with . or Enter, or press ? or * to list all spells.
The spell is quite dangerous to miscast (19% risk of failure)!
Continue anyway? [Y]es or [N]o only, please.
The spell is quite dangerous to miscast (19% risk of failure)!
Continue anyway?
Aiming: Mephitic Cloud (quite dangerous; 19% risk of failure)
Press: ? - help, Shift-Dir - straight line, f/p - ball python
Aim: a ball python (heavily wounded, chance to affect: 96%) That beam is likely to hit you.
Continue anyway? [Y]es or [N]o only, please.
That beam is likely to hit you.
Continue anyway?
The ball explodes into a vile cloud!
The stinking cloud engulfs the bullfrog but does no damage.
The stinking cloud engulfs you but does no damage.
The stinking cloud engulfs the ball python but does no damage. x3
The ball python is heavily wounded.
The stinking cloud engulfs the ball python but does no damage.
The ball python is engulfed in noxious fumes.
The ball python appears confused.
The ball python closely misses you. The ball python constricts you.
The ball python is engulfed in noxious fumes.
The ball python appears confused.
The bullfrog is engulfed in noxious fumes.
The bullfrog hits you!
You die...

## #. #. ##
#+###################
##....~~≈≈≈≈≈≈≈≈≈≈≈≈≈#
#....~l~~≈~≈≈≈≈≈≈≈~~≈~
#....@#~~~≈~≈≈≈≈~~~~~.
#....SFS~~~≈≈≈#~~~≈~≈~
#....SS○≈≈≈~..~#≈≈≈≈≈.
##...†≈≈≈≈≈~~≈≈~≈≈≈≈≈.
#####################


You could see a bullfrog, 4 ball pythons and a frilled lizard.

Vanquished Creatures
  3 river rats
  7 adders
  An ufetubus (D:2)
  2 dart slugs (D:1)
  3 orcs (D:3)
  3 endoplasms
  3 giant cockroaches
  7 goblins
  3 hobgoblins
  3 jackals (D:1)
  6 kobolds
  5 quokkas
  13 ball pythons
  7 bats
  4 frilled lizards
  33 rats
103 creatures vanquished.

Notes
Turn   | Place    | Note
-------+----------+-------------------------------------------
     0 | D:1      | pokeman the Deep Elf Hedge Wizard began the quest for the
                  | Orb.
     0 | D:1      | Reached XP level 1. HP: 10/10 MP: 7/7
   291 | D:1      | Reached XP level 2. HP: 15/15 MP: 6/9
  1030 | D:1      | Reached skill level 5 in Spellcasting
  1058 | D:1      | Reached XP level 3. HP: 20/20 MP: 1/11
  1062 | D:1      | Learned a level 3 spell: Mephitic Cloud
  1065 | D:1      | Learned a level 2 spell: Call Imp
  1068 | D:1      | Learned a level 2 spell: Blink
  1250 | D:2      | Reached skill level 1 in Fighting
  1476 | D:2      | Identified the +0 robe of the Exiled Blessings {rCorr
                  | Dex+2}
  1486 | D:2      | Reached skill level 1 in Armour
  1793 | D:2      | Reached XP level 4. HP: 10/25 MP: 2/13
  1924 | D:2      | Learned a level 4 spell: Flame Wave
  2218 | D:3      | You fall into a shaft and drop 2 floors!
  2218 | D:5      | Entered Level 5 of the Dungeon
  2343 | D:4      | Found a sparkling altar of Nemelex Xobeh.
  2358 | D:4      | Found a bloodstained altar of Trog.
  2431 | D:4      | Found Ygedapla's Distillery.
  2432 | D:4      | Found Emogg's Antique Weapon Shop.
  2664 | D:3      | Found a glowing drain.
  2668 | Sewer    | Entered a sewer
  2931 | Sewer    | Reached skill level 6 in Spellcasting
  2955 | Sewer    | Reached XP level 5. HP: 29/29 MP: 11/15
  3372 | Sewer    | Slain by a bullfrog

Illustrated notes

Levels and vault maps discovered:
D:1:      saegor_arrival_simple_e, layout_basic, grunt_decor_junction
D:2:      layout_basic
D:3:      layout_rooms, lemuel_coloured_pillars_altar,
          nicolae_ru_sacrificial_ziggurat, lemuel_tele_altar,
          mainiacjoe_overflow_cross_hatched, gup_sewer_entry_spiral
D:4:      layout_basic, kennysheep_little_box, mainiacjoe_overflow_catwalk,
          kennysheep_nondescript, nicolae_wooded_promenade,
          nicolae_figureground_pulse
D:5:      layout_loops_corners, grunt_gozag_breadcrumbs
Sewer:    sewer_minmay_w

Skill      XL: |  1  2  3  4 |
---------------+-------------+-----
Spellcasting   | 5 6 |  6.3
Fighting       | 1 |  1.0
Conjurations   | 2 |  2.8
Armour         | 1 |  1.1
Dodging        | 3 |  3.0
Stealth        | 3 |  3.0
Shields        | |  0.4
Summonings     | |  1.1
Translocations | |  1.1
Fire Magic     | |  0.7

Action                     |  1- 3 |  4- 6 || total
---------------------------+-------+-------++-------
  Melee: Dagger            |     2 |    46 ||    48
   Cast: Magic Dart        |   116 |    79 ||   195
         Mephitic Cloud    |       |     3 ||     3
         Call Imp          |       |     1 ||     1
         Blink             |       |     1 ||     1
   Stab: Sleeping          |       |     2 ||     2
         Confused          |       |     1 ||     1
 Armour: Robe              |     5 |     8 ||    13
  Dodge: Dodged            |    11 |    42 ||    53

Table legend: (Time is in decaauts)
 A = Elapsed time spent in this place.
 B = Non-inter-level travel time spent in this place.
 C = Inter-level travel time spent in this place.
 D = Time resting spent in this place.
 E = Time spent auto-exploring this place.
 F = Levels seen in this place.
 G = Mean time per level.
                   A        B        C        D        E       F      G
               +--------+--------+--------+--------+--------+-----+--------+
         Total |   3425 |   3377 |     48 |      0 |   2536 |   6 |  570.8 |
       Dungeon |   2688 |   2640 |     48 |      0 |   1914 |   5 |  537.6 |
         Sewer |    736 |    736 |      0 |      0 |    622 |   1 |  736.0 |
               +--------+--------+--------+--------+--------+-----+--------+

Top non-repeatable levels by time:
     D:1: 1238 daAuts
     D:2: 974 daAuts
   Sewer: 736 daAuts
     D:4: 310 daAuts
     D:3: 145 daAuts
     D:5: 19 daAuts
